 Dungeon Crawl Stone Soup version 0.29-a0-557-g43b9904bd1 (webtiles) character file.

Game seed: 17762990533177960506

2292 jimonade the Thaumaturge (level 9, -3/62 HPs)
             Began as a Djinni Hedge Wizard on June 9, 2022.
             Was an Initiate of Makhleb.
             Slain by a wyvern (9 damage)
             ... on level 7 of the Dungeon.
             The game lasted 00:28:03 (6618 turns).

jimonade the Thaumaturge (Djinni Hedge Wizard)      Turns: 6618, Time: 00:28:05

Health: -3/62      AC: 10    Str: 13    XL:     9   Next: 67%
Gold:   290        EV: 10    Int: 20    God:    Makhleb [......] SH:  0 Dex: 16

rFire   + + .      SeeInvis .   J - +2 great sword (freeze)
rCold   + . .      Faith    .   (shield currently unavailable)
rNeg    . . .      Spirit   .   L - +0 chain mail
rPois   ∞          Reflect  .   c - +0 hat
rElec   .          Harm     .   (no cloak)
rCorr   .          Rampage  .   O - +1 pair of gloves of Distant Shores {rC++ Int+4 Dex+3}
Will    .....                   (boots unavailable)
Stlth   ..........              d - amulet of regeneration
HPRegen 1.00/turn               u - +4 ring of evasion
MPRegen 0.00/turn               k - ring of wizardry

@: flying
A: sickness immunity, fire resistance 2, cold vulnerability 1, float, innate
caster, HP casting, extra vitality 1
a: Renounce Religion


You were on level 7 of the Dungeon.
You worshipped Makhleb.
Makhleb was noncommittal.
You visited 2 branches of the dungeon, and saw 8 of its levels.
You also visited: Sewer.

You collected 290 gold pieces.

Inventory:

Hand Weapons
 a - a +0 dagger
 x - a +0 whip of pain
 B - a +2 dagger of protection
 E - a +0 scimitar
 F - a +0 arbalest
 J - a +2 great sword of freezing (weapon)
 P - a +2 hunting sling of flaming
 R - a +0 quarterstaff
Missiles
 i - 11 poisoned darts
 q - 5 javelins
 y - 12 boomerangs
Armour
 b - a +0 robe
 c - a +0 hat (worn)
 l - a +1 robe of positive energy
 D - a +0 leather armour
 H - the +3 ring mail "Vipliamo" {+Inv rPois Int+3}
   (You found it on level 5 of the Dungeon)

   Int:       It affects your intelligence (+3).
   rPois:     It protects you from poison.
   +Inv:      It lets you turn invisible.
 L - a +0 chain mail (worn)
 O - the +1 pair of gloves of Distant Shores (worn) {rC++ Int+4 Dex+3}
   (You found it on level 6 of the Dungeon)

   Int:       It affects your intelligence (+4).
   Dex:       It affects your dexterity (+3).
   rC:        It greatly protects you from cold.
 Q - a +0 ring mail
Jewellery
 d - an amulet of regeneration (around neck)
 k - a ring of wizardry (right hand)
 u - a +4 ring of evasion (left hand)
 G - a ring of protection from fire
 S - a +6 ring of dexterity
Wands
 p - a wand of polymorph (1)
 N - a wand of flame (19)
Scrolls
 n - 7 scrolls of identify
 o - 3 scrolls of vulnerability
 r - a scroll of poison {unknown}
 v - a scroll of teleportation {unknown}
 w - 2 scrolls of fear
 T - a scroll of enchant armour {unknown}
Potions
 e - 3 potions of flight
 f - a potion of heal wounds {unknown}
 g - 2 potions of invisibility {unknown}
 h - 4 potions of mutation
 j - 2 potions of haste {unknown}
 m - 3 potions of degeneration {unknown}
 s - 2 potions of ambrosia {unknown}
 t - 3 potions of berserk rage {unknown}
 z - 7 potions of curing
 A - a potion of magic {unknown}
 C - 2 potions of resistance {unknown}
 I - a potion of lignification {unknown}
 K - a potion of brilliance {unknown}
 M - a potion of attraction {unknown}


   Skills:
 * Level 3.8 Fighting
 - Level 0.1 Long Blades
 + Level 2.3 Armour
 - Level 2.1 Dodging
 - Level 1.5 Stealth
 * Level 8.8 Spellcasting
 * Level 2.5 Evocations


You had 3 spell levels left.
You knew the following spells:

 Your Spells              Type           Power      Damage    Failure   Level
a - Magic Dart            Conj           100%       1d8       2%          1
b - Blink                 Tloc           88%        N/A       4%          2
c - Call Imp              Summ           44%        N/A       4%          2
d - Slow                  Hex            100%       N/A       2%          1
e - Conjure Flame         Conj/Fire      44%        6-21      9%          3
f - Mephitic Cloud        Conj/Pois/Air  44%        N/A       9%          3
g - Shock                 Conj/Air       100%       1d9       2%          1
h - Poisonous Vapours     Pois/Air       88%        N/A       4%          2
i - Lesser Beckoning      Tloc           44%        N/A       9%          3
j - Iskenderun's Mystic   Conj/Tloc      44%        2d10      26%         4
Your spell library was empty.

Dungeon Overview and Level Annotations

Branches:
Dungeon (7/15)             Temple (1/1) D:6           Sewer (visited)

Altars:
Ashenzari
Cheibriados
Dithmenos
Elyvilon
Fedhas
Gozag
Hepliaklqana
Kikubaaqudgha
Makhleb
Nemelex Xobeh
Okawaru
Qazlal
Ru
Sif Muna
Trog
Uskayaw
Vehumet
Wu Jian
Xom
Yredelemnul
Zin
The Shining One

Shops:
D:1 ***[*   D:7 (

Annotations:
D:3 2 runed translucent doors, Crazy Yiuf; DarkSlayer6995's ghost, weakling DrFE
D:5 exclusion: downstairs


Innate Abilities, Weirdness & Mutations

You are immune to sickness and miasma.
You are immune to poison.
Your flesh is very heat resistant. (rF++)
You are vulnerable to cold. (rC-)
You float through the air rather than walking.
You learn spells naturally, not from books.
Your magical power is your life essence.
You have superior vitality. (+4 MHP)


Message History

You don't know that spell.
Unknown command.
Unknown command.
Hit: J) +2 great sword (freeze)
Press: ? - help, Dir - move target, f - you, p - acid dragon
Okay, then.
Aiming: Polymorph
Press: ? - help, Shift-Dir - straight line, f/p - acid dragon
Aim: an acid dragon (catching its breath, will become a wyvern, a sky beast, or a golden eye, chance to affect: 55%)
The acid dragon resists with significant effort.
Okay, then.
Casting: Mephitic Cloud (dangerous; 9% risk of failure)
Confirm with . or Enter, or press ? or * to list all spells.
Okay, then.
Aiming: Polymorph
Press: ? - help, Shift-Dir - straight line, f/p - acid dragon
Aim: an acid dragon (will become a wyvern, a sky beast, or a golden eye, chance to affect: 55%)
The acid dragon evaporates and reforms as a wyvern!
You completely miss the wyvern. The wyvern bites you! The wyvern bites you.
A howler monkey comes into view.
The wyvern closely misses you.
You completely miss the wyvern. The wyvern closely misses you.
A howler monkey comes into view.
The wyvern bites you.
The howler monkey hoots and howls with incredible vigour!
You closely miss the wyvern.
The wyvern hisses menacingly.
The wyvern closely misses you.
The howler monkey hoots and howls with incredible vigour!
The wyvern barely misses you.
The howler monkey hoots and howls with incredible vigour!
The wyvern bites you.
* * * LOW HITPOINT WARNING * * *
You hit the wyvern. You freeze the wyvern.
The wyvern is moderately wounded.
The wyvern bites you!
* * * LOW HITPOINT WARNING * * *
The howler monkey hoots and howls with incredible vigour!
The wyvern bites you!
You die...

#######.....
#............
#............. #
#............. #.
#............#
###h#####............#
#..!l..............:.#
#...h@....)..........#
#..........#.........#
#.........(#.........#
#..........#.........#
#..........#.........#
#..........#.........#
#..........#.........#
#..........###'##'####
#.#<.#


You could see a wyvern and 2 howler monkeys.

Vanquished Creatures
  Grinder (D:3)
  3 wyverns (D:7)
  2 black bears (D:6)
  2 ogres
  A centaur (D:6)
  A phantom (D:5)
  A kobold brigand (Sewer)
  A necrophage (D:6)
  3 scorpions
  4 wights
  A howler monkey (D:6)
  A jelly (D:6)
  5 hounds
  2 orc priests
  2 iguanas (D:5)
  An orc wizard (D:4)
  3 gnolls (D:7)
  12 adders
  A river rat (Sewer)
  An ufetubus (D:5)
  3 worms (D:2)
  2 dart slugs
  11 orcs
  4 bats
  11 endoplasms
  2 giant cockroaches (D:3)
  9 hobgoblins
  6 jackals
  3 quokkas
  4 ball pythons
  6 goblins
  9 kobolds
  8 rats
126 creatures vanquished.

Vanquished Creatures (collateral kills)
  A hound (D:6)
1 creature vanquished.

Vanquished Creatures (others)
  3 fungi
  2 plants (D:1)
5 creatures vanquished.

Grand Total: 132 creatures vanquished

Notes
Turn   | Place    | Note
-------+----------+-------------------------------------------
     0 | D:1      | jimonade the Djinni Hedge Wizard began the quest for the
                  | Orb.
     0 | D:1      | Reached XP level 1. HP: 15/15 MP: 0/0
   168 | D:1      | Reached XP level 2. HP: 20/21 MP: 0/0
   218 | D:1      | Found Peis's General Store.
   224 | D:1      | Found Gusoyjuo's Armour Shoppe.
   273 | D:1      | Found a faded altar of an unknown god.
   296 | D:1      | Reached skill level 3 in Spellcasting
   315 | D:1      | Reached XP level 3. HP: 7/26 MP: 0/0
   315 | D:1      | Learned a level 1 spell: Shock
   348 | D:1      | Found Zumim's Assorted Antiques.
   481 | D:1      | Found Voptiachil's General Store.
   542 | D:1      | Found Ciduami's Assorted Antiques.
   721 | D:2      | Noticed a scorpion
   731 | D:2      | Killed a scorpion
   732 | D:2      | Reached skill level 1 in Fighting
   732 | D:2      | Reached XP level 4. HP: 30/32 MP: 0/0
   822 | D:2      | Reached XP level 5. HP: 37/37 MP: 0/0
   822 | D:2      | Learned a level 2 spell: Poisonous Vapours
   845 | D:2      | Reached skill level 4 in Spellcasting
  1712 | D:3      | Found a runed translucent door.
  1713 | D:3      | Noticed Crazy Yiuf
  1733 | D:3      | Noticed Grinder
  1823 | D:3      | Found a runed translucent door.
  1823 | D:3      | Noticed DarkSlayer6995's ghost (weakling DrFE)
  2089 | D:3      | Found a glowing drain.
  2109 | D:3      | Reached XP level 6. HP: 35/42 MP: 0/0
  2123 | Sewer    | Entered a sewer
  2341 | Sewer    | Reached skill level 5 in Spellcasting
  2365 | Sewer    | Found a white marble altar of Elyvilon.
  2465 | D:3      | Paralysed by Grinder for 2 turns
  2469 | D:3      | Killed Grinder
  2470 | D:3      | Reached XP level 7. HP: 31/49 MP: 0/0
  2470 | D:3      | Learned a level 3 spell: Lesser Beckoning
  2943 | D:4      | Reached skill level 6 in Spellcasting
  3876 | D:5      | Entered Level 5 of the Dungeon
  4007 | D:5      | Reached XP level 8. HP: 50/55 MP: 0/0
  4193 | D:5      | Found a glowing golden altar of the Shining One.
  4682 | D:5      | Identified the +3 ring mail "Vipliamo" {+Inv rPois Int+3}
  4966 | D:6      | Reached skill level 7 in Spellcasting
  5455 | D:6      | Reached skill level 1 in Evocations
  5544 | D:6      | Reached skill level 1 in Armour
  5572 | D:6      | Found a sparkling altar of Nemelex Xobeh.
  5572 | D:6      | Found a broken altar of Ashenzari.
  5587 | D:6      | Reached XP level 9. HP: 61/61 MP: 0/0
  5587 | D:6      | Learned a level 4 spell: Iskenderun's Mystic Blast
  5837 | D:6      | Identified the +1 pair of gloves of Distant Shores {rC++
                  | Int+4 Dex+3}
  5908 | D:6      | Reached skill level 8 in Spellcasting
  5961 | D:6      | Found a blossoming altar of Fedhas.
  6109 | D:6      | Found a staircase to the Ecumenical Temple.
  6114 | Temple   | Entered the Ecumenical Temple
  6226 | Temple   | Became a worshipper of Makhleb the Destroyer
  6522 | D:7      | Found Ropaom's Weapon Shoppe.
  6618 | D:7      | Slain by a wyvern

Illustrated notes

Levels and vault maps discovered:
D:1:      psy_arrival_basics, layout_basic, shapermc_ecumenical_altar_rom_forum,
          serial_shops, shop, nicolae_shop_hallway_stairs,
          nicolae_shop_waterfront, nicolae_shop_hallway_plus, shop_statue
D:2:      layout_basic, serial_curves, eino_curves_03, eino_curves_03,
          eino_curves_04
D:3:      layout_loops_ring, gup_sewer_entry_glass, ebering_ghost_inner_flame,
          uniq_grinder, uniq_crazy_yiuf_cottage
D:4:      layout_basic
D:5:      layout_basic, mainiacjoe_overflow_boulevard
D:6:      layout_rooms, chequers_temple_overflow_statue_of_worship,
          minmay_temple_entry_nine_rooms, dreamdust_mushroom_princess
D:7:      layout_basic, serial_shops, nicolae_shop_bloodbath_and_beyond,
          grunt_ministairs_3, st_stairs_14
Temple:   mainiacjoe_temple_coin_purse

Skill      XL: |  1  2  3  4  5  6  7  8  9 |
---------------+----------------------------+-----
Spellcasting   | 3 4 5 6 7 8 |  8.8
Fighting       | 1 2 3 |  3.8
Evocations     | 1 2 |  2.5
Armour         | 1 2 |  2.3
Long Blades    | |  0.1
Dodging        | |  2.1
Stealth        | |  1.5

Action                   |  1- 3 |  4- 6 |  7- 9 || total
-------------------------+-------+-------+-------++-------
Melee: Dagger            |     2 |     6 |    23 ||    31
       Great sword       |       |       |    28 ||    28
 Cast: Magic Dart        |    46 |   162 |    96 ||   304
       Shock             |     5 |     2 |    13 ||    20
       Poisonous Vapours |       |    17 |    54 ||    71
       Mephitic Cloud    |       |     4 |    17 ||    21
       Conjure Flame     |       |     2 |     4 ||     6
       Slow              |       |       |     5 ||     5
       Call Imp          |       |       |     1 ||     1
Evoke: Wand              |       |       |     3 ||     3
  Use: Scroll            |       |     5 |     2 ||     7
 Stab: Sleeping          |     2 |       |       ||     2
       Confused          |       |       |     6 ||     6
Armor: Robe              |     5 |     7 |     3 ||    15
       Ring mail         |       |       |    12 ||    12
Dodge: Dodged            |    20 |    49 |    85 ||   154

Table legend: (Time is in decaauts)
 A = Elapsed time spent in this place.
 B = Non-inter-level travel time spent in this place.
 C = Inter-level travel time spent in this place.
 D = Time resting spent in this place.
 E = Time spent auto-exploring this place.
 F = Levels seen in this place.
 G = Mean time per level.
                   A        B        C        D        E       F      G
               +--------+--------+--------+--------+--------+-----+--------+
         Total |   6637 |   6155 |    482 |    483 |   3860 |   9 |  737.4 |
       Dungeon |   6234 |   5777 |    457 |    364 |   3709 |   7 |  890.6 |
        Temple |    125 |    100 |     25 |      0 |     86 |   1 |  125.0 |
         Sewer |    277 |    277 |      0 |    119 |     65 |   1 |  277.0 |
               +--------+--------+--------+--------+--------+-----+--------+

Top non-repeatable levels by time:
     D:5: 1496 daAuts
     D:4: 1125 daAuts
     D:3: 886 daAuts
     D:2: 873 daAuts
     D:6: 819 daAuts
     D:1: 711 daAuts
     D:7: 323 daAuts
   Sewer: 277 daAuts
  Temple: 125 daAuts
